| TOP OF THE 1ST |
|
Los Angeles Dodgers batting - Pitching for Milwaukee Brewers : RHP Mekonen Mahfudh
|
|
Pitching: RHP Mekonen Mahfudh
|
|
|
Batting: RHB Jorge Severiano
|
0-0: Ball 1-0: Called Strike 1-1: Called Strike 1-2: Foul Ball, location: 2F 1-2: Ball 2-2: Ball 3-2: Base on Balls
|
|
Batting: LHB Chris Ringwood
|
0-0: Ball Jorge Severiano steals 2nd base 1-0: Ball 2-0: Foul Ball, location: 2F 2-1: Foul Ball, location: 2F 2-2: Fly out, F8 (Flyball, 8RXD, EV 88.8 MPH) Runner from 2nd tags up, SAFE at 3rd, no throw by CF
|
|
Batting: LHB Bob Branham
|
0-0: Called Strike 0-1: Foul Ball, location: 2F 0-2: Ball 1-2: Fly out, F2 (Popup, 23F, EV 76.9 MPH)
|
|
Batting: LHB Lirak Bazhunaishvili
|
0-0: Called Strike 0-1: Foul Ball, location: 2F 0-2: Ball 1-2: Strikes out looking
|
| Top of the 1st over - 0 runs, 0 hits, 0 errors, 1 left on base; Los Angeles 0 - Milwaukee 0 |
| BOTTOM OF THE 1ST |
|
Milwaukee Brewers batting - Pitching for Los Angeles Dodgers : RHP Ray Scifo
|
|
Pitching: RHP Ray Scifo
|
|
|
Batting: SHB Pat Wilson
|
0-0: Ground out 5-3 (Groundball, 56S, EV 92.5 MPH)
|
|
Batting: RHB Akitada Nishizawa
|
0-0: Ball 1-0: DOUBLE (Groundball, 5L, EV 98.8 MPH)
|
|
Batting: SHB Jason Woods
|
0-0: Ball 1-0: Ball 2-0: Swinging Strike 2-1: Ball 3-1: Base on Balls
|
|
Batting: RHB Bobby Muniz
|
0-0: Ball 1-0: Called Strike 1-1: Foul Ball, location: 2F 1-2: Foul Ball, location: 2F 1-2: Strikes out swinging
|
|
Batting: LHB Tetsuya Oba
|
0-0: Called Strike 0-1: Called Strike 0-2: SINGLE (Line Drive, 34, EV 103.1 MPH) Akitada Nishizawa to third Jason Woods to second Runner from 3rd tries for Home, SAFE, throw by RF to home
|
|
Batting: RHB Adrian Rudkilde
|
0-0: Ball 1-0: Ball 2-0: Swinging Strike 2-1: Foul Ball, location: 2F 2-2: Fly out, F7 (Flyball, 7, EV 79.4 MPH)
|
| Bottom of the 1st over - 1 run, 2 hits, 0 errors, 2 left on base; Los Angeles 0 - Milwaukee 1 |
| TOP OF THE 2ND |
|
Los Angeles Dodgers batting - Pitching for Milwaukee Brewers : RHP Mekonen Mahfudh
|
|
Batting: RHB Clay Buchanan
|
0-0: Called Strike 0-1: Foul Ball, location: 2F 0-2: Ball 1-2: Strikes out swinging
|
|
Batting: LHB Ryan Taylor
|
0-0: Called Strike 0-1: SINGLE (Line Drive, 7S, EV 98.8 MPH)
|
|
Batting: RHB Tsutomu Irie
|
0-0: Ball 1-0: Called Strike Ryan Taylor steals 2nd base (no throw) 1-1: Fly out, F8 (Flyball, 8RXD, EV 88.1 MPH) Runner from 2nd tags up, SAFE at 3rd, no throw by CF
|
|
Batting: RHB Ben Mischnick
|
0-0: Ball 1-0: Ball 2-0: Ground out 6-3 (Groundball, 6S, EV 87.5 MPH)
|
| Top of the 2nd over - 0 runs, 1 hit, 0 errors, 1 left on base; Los Angeles 0 - Milwaukee 1 |
| BOTTOM OF THE 2ND |
|
Milwaukee Brewers batting - Pitching for Los Angeles Dodgers : RHP Ray Scifo
|
|
Batting: LHB Jeff Taylor
|
0-0: Called Strike 0-1: Ball 1-1: Swinging Strike 1-2: Strikes out looking
|
|
Batting: RHB Daniel Donovan
|
0-0: Ball 1-0: Foul Ball, location: 2F 1-1: Ball 2-1: Foul Ball, location: 2F 2-2: Ball 3-2: Fly out, F8 (Flyball, 8RM, EV 91.9 MPH)
|
|
Batting: RHB Cody Flowers
|
0-0: Called Strike 0-1: Foul Ball, location: 2F 0-2: Ball 1-2: Ball 2-2: Strikes out swinging
|
| Bottom of the 2nd over - 0 runs, 0 hits, 0 errors, 0 left on base; Los Angeles 0 - Milwaukee 1 |
| TOP OF THE 3RD |
|
Los Angeles Dodgers batting - Pitching for Milwaukee Brewers : RHP Mekonen Mahfudh
|
|
Batting: RHB Edwin Soto
|
0-0: Ball 1-0: Foul Ball, location: 2F 1-1: Ground out 3-1 (Groundball, 34, EV 87.5 MPH)
|
|
Batting: RHB Jorge Severiano
|
0-0: Ball 1-0: Called Strike 1-1: Called Strike 1-2: Ball 2-2: Ball 3-2: Fly out, F1 (Line Drive, P, EV 68.1 MPH)
|
|
Batting: LHB Chris Ringwood
|
0-0: Fly out, F4 (Flyball, 4D, EV 76.3 MPH)
|
| Top of the 3rd over - 0 runs, 0 hits, 0 errors, 0 left on base; Los Angeles 0 - Milwaukee 1 |
| BOTTOM OF THE 3RD |
|
Milwaukee Brewers batting - Pitching for Los Angeles Dodgers : RHP Ray Scifo
|
|
Batting: SHB Pat Wilson
|
0-0: Ball 1-0: Swinging Strike 1-1: Ball 2-1: Ball 3-1: Ground out 4-3 (Groundball, 4, EV 81.3 MPH)
|
|
Batting: RHB Akitada Nishizawa
|
0-0: Ball 1-0: Swinging Strike 1-1: Ball 2-1: Foul Ball, location: 2F 2-2: Ground out 6-3 (Groundball, 6, EV 78.8 MPH)
|
|
Batting: SHB Jason Woods
|
0-0: Called Strike 0-1: Foul Ball, location: 2F 0-2: Ball 1-2: Fly out, F9 (Flyball, 89M, EV 91.9 MPH)
|
| Bottom of the 3rd over - 0 runs, 0 hits, 0 errors, 0 left on base; Los Angeles 0 - Milwaukee 1 |
| TOP OF THE 4TH |
|
Los Angeles Dodgers batting - Pitching for Milwaukee Brewers : RHP Mekonen Mahfudh
|
|
Batting: LHB Bob Branham
|
0-0: Called Strike 0-1: Called Strike 0-2: Ball 1-2: Fly out, F2 (Popup, 15S, EV 75.6 MPH)
|
|
Batting: LHB Lirak Bazhunaishvili
|
0-0: Foul Ball, location: 2F 0-1: Ball 1-1: SINGLE (Groundball, 34D, EV 94.4 MPH)
|
|
Batting: RHB Clay Buchanan
|
0-0: Called Strike 0-1: Swinging Strike 0-2: Ball 1-2: Fly out, F7 (Flyball, 7, EV 92.5 MPH)
|
|
Batting: LHB Ryan Taylor
|
0-0: Called Strike Lirak Bazhunaishvili steals 2nd base (no throw) 0-1: Foul Ball, location: 2F 0-2: Ball 1-2: Ball 2-2: Ball 3-2: Base on Balls
|
|
Batting: RHB Tsutomu Irie
|
0-0: Swinging Strike 0-1: Ball 1-1: Fly out, F7 (Flyball, 78S, EV 97.5 MPH)
|
| Top of the 4th over - 0 runs, 1 hit, 0 errors, 2 left on base; Los Angeles 0 - Milwaukee 1 |
| BOTTOM OF THE 4TH |
|
Milwaukee Brewers batting - Pitching for Los Angeles Dodgers : RHP Ray Scifo
|
|
Batting: RHB Bobby Muniz
|
0-0: Ball 1-0: Ground out 6-3 (Groundball, 6, EV 83.8 MPH)
|
|
Batting: LHB Tetsuya Oba
|
0-0: Ball 1-0: Called Strike 1-1: Swinging Strike 1-2: Foul Ball, location: 2F 1-2: Ball 2-2: Foul Ball, location: 2F 2-2: Ball 3-2: Foul Ball, location: 2F 3-2: Foul Ball, location: 2F 3-2: Foul Ball, location: 2F 3-2: Base on Balls
|
|
Batting: RHB Adrian Rudkilde
|
0-0: Ball 1-0: Ball 2-0: Foul Ball, location: 2F 2-1: SINGLE (Line Drive, 78S, EV 98.8 MPH) Tetsuya Oba to second
|
|
Batting: LHB Jeff Taylor
|
0-0: Ball 1-0: Fielders Choice at 3rd, U5 (Groundball, 5L, EV 103.8 MPH) Adrian Rudkilde to second
|
|
Batting: RHB Daniel Donovan
|
0-0: Called Strike 0-1: Ball 1-1: Fielders Choice at 2nd, 6-4 (Groundball, 56D, EV 83.8 MPH)
|
| Bottom of the 4th over - 0 runs, 1 hit, 0 errors, 2 left on base; Los Angeles 0 - Milwaukee 1 |
| TOP OF THE 5TH |
|
Los Angeles Dodgers batting - Pitching for Milwaukee Brewers : RHP Mekonen Mahfudh
|
|
Batting: RHB Ben Mischnick
|
0-0: Ball 1-0: Called Strike 1-1: Ball 2-1: Ball 3-1: Base on Balls
|
|
Batting: RHB Edwin Soto
|
0-0: Called Strike 0-1: Ball 1-1: Ball 2-1: SINGLE (Groundball, 6, EV 98.8 MPH) Ben Mischnick to second
|
|
Batting: RHB Jorge Severiano
|
0-0: Ball 1-0: Ball 2-0: Ball 3-0: Called Strike 3-1: Ball Ben Mischnick to third Edwin Soto to second
|
|
Batting: LHB Chris Ringwood
|
0-0: Called Strike 0-1: Ball 1-1: Called Strike 1-2: Ball 2-2: Foul Ball, location: 2F 2-2: Grounds into fielders choice 5-2 (Groundball, 56S, EV 90.0 MPH) Edwin Soto to third Jorge Severiano to second
|
|
Batting: LHB Bob Branham
|
0-0: Ball 1-0: Ball 2-0: Called Strike 2-1: Foul Ball, location: 2F 2-2: SINGLE (Flyball, 34D, EV 85.6 MPH) Edwin Soto scores Jorge Severiano to third Chris Ringwood to second Runner from 3rd tries for Home, SAFE, throw by RF to home
|
|
Batting: LHB Lirak Bazhunaishvili
|
0-0: Foul Ball, location: 2F 0-1: Ball 1-1: SINGLE (Groundball, 56S, EV 68.1 MPH) (infield hit) Chris Ringwood to third Bob Branham to second
|
|
Batting: RHB Clay Buchanan
|
0-0: DOUBLE (Line Drive, 78D, EV 101.9 MPH) Chris Ringwood scores Bob Branham scores Lirak Bazhunaishvili to third Runner from 3rd tries for Home, SAFE, no throw by CF
|
|
Batting: LHB Ryan Taylor
|
0-0: Ball 1-0: Foul Ball, location: 2F 1-1: Foul Ball, location: 2F 1-2: Ball 2-2: Ball 3-2: SINGLE (Groundball, 34D, EV 103.1 MPH) Clay Buchanan to third Runner from 3rd tries for Home, SAFE, throw by RF to home
|
|
Pitching: LHP Jamie Blake
|
|
|
Batting: RHB Tsutomu Irie
|
0-0: Called Strike 0-1: Ball 1-1: Ball 2-1: Grounds into double play, 6-4-3 (Groundball, 6, EV 81.3 MPH)
|
| Top of the 5th over - 6 runs, 5 hits, 0 errors, 0 left on base; Los Angeles 6 - Milwaukee 1 |
| BOTTOM OF THE 5TH |
|
Milwaukee Brewers batting - Pitching for Los Angeles Dodgers : RHP Ray Scifo
|
|
Batting: RHB Cody Flowers
|
0-0: Ball 1-0: Swinging Strike 1-1: Ball 2-1: Swinging Strike 2-2: Strikes out swinging
|
|
Batting: SHB Pat Wilson
|
0-0: Called Strike 0-1: Swinging Strike 0-2: Strikes out swinging
|
|
Batting: RHB Akitada Nishizawa
|
0-0: Called Strike 0-1: Foul Ball, location: 2F 0-2: Fly out, F8 (Line Drive, 8LM, EV 88.1 MPH)
|
| Bottom of the 5th over - 0 runs, 0 hits, 0 errors, 0 left on base; Los Angeles 6 - Milwaukee 1 |
| TOP OF THE 6TH |
|
Los Angeles Dodgers batting - Pitching for Milwaukee Brewers : LHP Jamie Blake
|
|
Batting: RHB Ben Mischnick
|
0-0: Called Strike 0-1: Fly out, F6 (Popup, 6M, EV 54.4 MPH)
|
|
Batting: RHB Edwin Soto
|
0-0: Called Strike 0-1: Foul Ball, location: 2F 0-2: Strikes out looking
|
|
Batting: RHB Jorge Severiano
|
0-0: Called Strike 0-1: Ball 1-1: SINGLE (Line Drive, 6M, EV 100.0 MPH)
|
|
Batting: LHB Chris Ringwood
|
0-0: Foul Ball, location: 2F 0-1: Foul Ball, location: 2F 0-2: Ground out 4-3 (Groundball, 4, EV 92.5 MPH)
|
| Top of the 6th over - 0 runs, 1 hit, 0 errors, 1 left on base; Los Angeles 6 - Milwaukee 1 |
| BOTTOM OF THE 6TH |
|
Milwaukee Brewers batting - Pitching for Los Angeles Dodgers : RHP Ray Scifo
|
|
Batting: SHB Jason Woods
|
0-0: Swinging Strike 0-1: Ball 1-1: Ball 2-1: Foul Ball, location: 2F 2-2: Ground out 4-3 (Groundball, 4, EV 87.5 MPH)
|
|
Batting: RHB Bobby Muniz
|
0-0: Swinging Strike 0-1: Swinging Strike 0-2: Strikes out swinging
|
|
Batting: LHB Tetsuya Oba
|
0-0: Ball 1-0: Ground out 4-3 (Groundball, 4, EV 97.5 MPH)
|
| Bottom of the 6th over - 0 runs, 0 hits, 0 errors, 0 left on base; Los Angeles 6 - Milwaukee 1 |
| TOP OF THE 7TH |
|
Los Angeles Dodgers batting - Pitching for Milwaukee Brewers : LHP Jamie Blake
|
|
Batting: LHB Bob Branham
|
0-0: Swinging Strike 0-1: Foul Ball, location: 2F 0-2: Ground out 4-3 (Groundball, 34, EV 95.0 MPH)
|
|
Batting: LHB Lirak Bazhunaishvili
|
0-0: Swinging Strike 0-1: Called Strike 0-2: Strikes out swinging
|
|
Batting: RHB Clay Buchanan
|
0-0: Swinging Strike 0-1: Fly out, F7 (Flyball, 7, EV 90.6 MPH)
|
| Top of the 7th over - 0 runs, 0 hits, 0 errors, 0 left on base; Los Angeles 6 - Milwaukee 1 |
| BOTTOM OF THE 7TH |
|
Milwaukee Brewers batting - Pitching for Los Angeles Dodgers : RHP Ray Scifo
|
|
Batting: RHB Adrian Rudkilde
|
0-0: Ground out 4-3 (Groundball, 4, EV 88.1 MPH)
|
|
Batting: LHB Jeff Taylor
|
0-0: Called Strike 0-1: Foul Ball, location: 2F 0-2: Foul Ball, location: 2F 0-2: Foul Ball, location: 2F 0-2: Ball 1-2: Foul Ball, location: 2F 1-2: Ball 2-2: Ball 3-2: Strikes out looking
|
|
Batting: RHB Daniel Donovan
|
0-0: Ball 1-0: Ground out 5-3 (Groundball, 5S, EV 78.8 MPH)
|
| Bottom of the 7th over - 0 runs, 0 hits, 0 errors, 0 left on base; Los Angeles 6 - Milwaukee 1 |
| TOP OF THE 8TH |
|
Los Angeles Dodgers batting - Pitching for Milwaukee Brewers : LHP Jamie Blake
|
|
Batting: LHB Ryan Taylor
|
0-0: Foul Ball, location: 2F 0-1: Ball 1-1: Ball 2-1: Foul Ball, location: 2F 2-2: Strikes out swinging
|
|
Batting: RHB Tsutomu Irie
|
0-0: Fly out, F8 (Line Drive, 8RD, EV 88.1 MPH)
|
|
Pitching: RHP Jose Avila
|
|
|
Batting: RHB Ben Mischnick
|
0-0: Ball 1-0: Fly out, F8 (Flyball, 8LXD, EV 91.3 MPH)
|
| Top of the 8th over - 0 runs, 0 hits, 0 errors, 0 left on base; Los Angeles 6 - Milwaukee 1 |
| BOTTOM OF THE 8TH |
|
Milwaukee Brewers batting - Pitching for Los Angeles Dodgers : RHP Ray Scifo
|
|
Pitching: LHP Sam Zegarelli
|
|
|
Batting: RHB Cody Flowers
|
0-0: Ball 1-0: Called Strike 1-1: Called Strike 1-2: Foul Ball, location: 2F 1-2: Ball 2-2: Ground out 6-3 (Groundball, 6M, EV 97.5 MPH)
|
|
Batting: SHB Pat Wilson
|
0-0: Ground out 6-3 (Groundball, 6M, EV 100.0 MPH)
|
|
Batting: RHB Akitada Nishizawa
|
0-0: Called Strike 0-1: Foul Ball, location: 2F 0-2: Fly out, F3 (Popup, 23F, EV 80.0 MPH)
|
| Bottom of the 8th over - 0 runs, 0 hits, 0 errors, 0 left on base; Los Angeles 6 - Milwaukee 1 |
| TOP OF THE 9TH |
|
Los Angeles Dodgers batting - Pitching for Milwaukee Brewers : RHP Jose Avila
|
|
Batting: RHB Edwin Soto
|
0-0: Ball 1-0: Ground out 6-3 (Groundball, 6MS, EV 86.9 MPH)
|
|
Batting: RHB Jorge Severiano
|
0-0: Foul Ball, location: 2F 0-1: Ball 1-1: Swinging Strike 1-2: Strikes out looking
|
|
Batting: LHB Chris Ringwood
|
0-0: Ground out 6-3 (Groundball, 6M, EV 82.5 MPH)
|
| Top of the 9th over - 0 runs, 0 hits, 0 errors, 0 left on base; Los Angeles 6 - Milwaukee 1 |
| BOTTOM OF THE 9TH |
|
Milwaukee Brewers batting - Pitching for Los Angeles Dodgers : LHP Sam Zegarelli
|
|
Batting: SHB Jason Woods
|
0-0: Ball 1-0: Ball 2-0: Swinging Strike 2-1: Foul Ball, location: 2F 2-2: Strikes out swinging
|
|
Batting: RHB Bobby Muniz
|
0-0: Ball 1-0: Called Strike 1-1: Ball 2-1: Called Strike 2-2: Foul Ball, location: 2F 2-2: Foul Ball, location: 2F 2-2: Ground out U3 (Groundball, 3S, EV 80.0 MPH)
|
|
Batting: LHB Tetsuya Oba
|
0-0: Swinging Strike 0-1: Called Strike 0-2: Ground out 5-3 (Groundball, 5S, EV 73.1 MPH)
|
| Bottom of the 9th over - 0 runs, 0 hits, 0 errors, 0 left on base; Los Angeles 6 - Milwaukee 1 |
|